 Dungeon Crawl Stone Soup version 0.30-a0-393-g54b8e3be05 (webtiles) character file.

Game seed: 2423311971312118925

62 Engwar the Sneak (level 3, -2/19 HPs)
             Began as a Vampire Enchanter on Dec 5, 2022.
             Killed from afar by Ijyb (11 damage)
             ... with a puff of flame
             ... on level 3 of the Dungeon.
             The game lasted 00:09:38 (2178 turns).

Engwar the Sneak (Vampire Enchanter)                Turns: 2178, Time: 00:09:39

Health: -2/19      AC:  5    Str:  7    XL:     3   Next: 85%
Magic:  2/6        EV: 12    Int: 19    God:
Gold:   136        SH:  0    Dex: 14    Spells: 1/6 levels left

rFire   . . .      SeeInvis +    a - +1 dagger
rCold   + + .      Faith    .    (no shield)
rNeg    + + +      Spirit   .    b - +1 robe
rPois   ∞          Reflect  .    (no helmet)
rElec   .          Harm     .    (no cloak)
rCorr   .          Rampage  .    p - +1 Delatra's gloves {ID++}
Will    .....                    (no boots)
Stlth   +++++.....               (no amulet)
HPRegen 0.00/turn                r - ring of flight
MPRegen 0.10/turn                (no ring)

@: weak-willed, flying, bloodless, inhibited regen
A: bloodless, fangs 3, see invisible, vampiric 2
a: Bat Form, Revivify


You were on level 3 of the Dungeon.
You visited 1 branch of the dungeon, and saw 3 of its levels.

You collected 136 gold pieces.

Inventory:

Hand Weapons
 a - a +1 dagger (weapon)
Missiles
 f - 5 poisoned darts (quivered)
 q - 2 throwing nets
Armour
 b - a +1 robe (worn)
 p - the +1 Delatra's gloves (worn) {ID++}
   (You found it on level 2 of the Dungeon)

   It heals its wearer when they drink unknown potions.
   It restores its wearer's MP when they read unknown scrolls.
Jewellery
 l - an amulet of faith
 r - a ring of flight (left hand)
Wands
 e - a wand of polymorph (8)
 n - a wand of charming (7)
Scrolls
 h - 3 scrolls of teleportation
 t - a scroll of identify
Potions
 c - 2 potions of invisibility
 d - 3 potions of curing
 g - a potion of heal wounds {unknown}
 i - 2 potions of might {unknown}
 k - a potion of degeneration {unknown}
 m - a potion of lignification {unknown}
 o - 2 potions of magic {unknown}


   Skills:
 + Level 2.1 Short Blades
 - Level 2.1 Dodging
 + Level 5.1 Stealth
 - Level 2.4 Spellcasting
 + Level 5.0 Hexes
 + Level 1.1 Ice Magic


You had one spell level left.
You knew the following spells:

 Your Spells              Type           Power      Damage    Failure   Level
a - Ensorcelled Hibernat  Hex/Ice        28%        N/A       7%          2
b - Confusing Touch       Hex            21%        N/A       6%          3

Your spell library contained the following spells:

 Spells                   Type           Power      Damage    Failure   Level
 Beastly Appendage        Tmut           4%         N/A       16%         1
 Magic Dart               Conj           8%         1d3       16%         1
 Sting                    Tmut/Pois      8%         1d3       16%         1
 Tukima's Dance           Hex            21%        N/A       6%          3
 Dazzling Flash           Conj/Hex       22%        N/A       17%         3
 Call Imp                 Summ           2%         N/A       24%         2
 Poisonous Vapours        Pois/Air       4%         N/A       24%         2
 Wereblood                Tmut           2%         N/A       24%         2
 Mephitic Cloud           Conj/Pois/Air  2%         N/A       43%         3
 Spider Form              Tmut/Pois      2%         N/A       43%         3
 Olgreb's Toxic Radiance  Pois           2%         N/A       85%         4


Dungeon Overview and Level Annotations

Branches:
Dungeon (3/15)

Altars:

Annotations:
D:3 Ijyb


Innate Abilities, Weirdness & Mutations

You do not regenerate when monsters are visible.
You are frail without blood (-20% HP).
You can heal yourself when you bite living creatures.
You are immune to poison.
You have razor-sharp teeth.
You have supernaturally acute eyesight. (SInv)
You are afflicted with vampirism and can become a bat while bloodless.


Message History

Press: ? - help, Shift-Dir - straight line, f/p - kobold
Aim: a kobold, wielding a +0 short sword (chance to affect: 65%)
The kobold struggles to resist.
The kobold hits you but does no damage.
You barely miss the kobold. The kobold hits you but does no damage.
You hit the kobold but do no damage. The kobold misses you.
You hit the kobold. You bite the kobold.
You kill the kobold!
Your magical contamination has completely faded away.
Ijyb the Twisted Goblin comes into view.
She is wielding a +0 dagger of venom and carrying a wand of flame (8).
Ijyb is nearby!
Ijyb is nearby!
As you read the scroll labelled SUSHIOCH NINI, it crumbles to dust.
Magic quickly surges around you.
It was a scroll of vulnerability.
The energy of discovery flows from your fingertips!
Magic courses through your body.
Casting: Ensorcelled Hibernation (safe; 7% risk of failure)
Confirm with . or Enter, or press ? or * to list all spells.
Aiming: Ensorcelled Hibernation (safe; 7% risk of failure)
Press: ? - help, Shift-Dir - straight line, f - Ijyb
Aim: Ijyb, wielding a +0 dagger of venom, wearing a +0 leather armour and carrying a wand of flame (8) (weak-willed, chance to affect: 61%) Ijyb resists with significant effort.
Ijyb zaps a wand.
The puff of flame hits you!
Casting: Ensorcelled Hibernation (safe; 7% risk of failure)
Confirm with . or Enter, or press ? or * to list all spells.
Aiming: Ensorcelled Hibernation (safe; 7% risk of failure)
Press: ? - help, Shift-Dir - straight line, f/p - Ijyb
Aim: Ijyb, wielding a +0 dagger of venom, wearing a +0 leather armour and carrying a wand of flame (7) (weak-willed, chance to affect: 61%) Ijyb looks drowsy...
The helpless Ijyb fails to defend herself.
You bite Ijyb, and draw her blood!
You feel better.
You impale Ijyb!!
Ijyb is severely wounded.
Ijyb hits you with a +0 dagger of venom.
Casting: Ensorcelled Hibernation (safe; 7% risk of failure)
Confirm with . or Enter, or press ? or * to list all spells.
Okay, then.
You hit Ijyb.
Ijyb is severely wounded.
Ijyb zaps a wand.
The puff of flame hits you!
Ouch! That really hurt!
You die...

##..........##
#....##...##
###..#####...
##....#####....
#..##.......#
#...#...#######
..###.#.# ##
#.####g#.###....
#....)@#†....#
###........###
#.#####.## ...
... #.. ....# #.
...... # .....#
.....#


You could see Ijyb (weak-willed).

Vanquished Creatures
  4 dart slugs (D:1)
  4 endoplasms (D:1)
  4 giant cockroaches
  5 goblins
  7 hobgoblins
  3 jackals (D:2)
  3 quokkas
  6 ball pythons
  3 frilled lizards (D:1)
  7 kobolds
  2 rats
48 creatures vanquished.

Notes
Turn   | Place    | Note
-------+----------+-------------------------------------------
     0 | D:1      | Engwar the Vampire Enchanter began the quest for the Orb.
     0 | D:1      | Reached XP level 1. HP: 13/13 MP: 3/3
   160 | D:1      | Reached XP level 2. HP: 19/19 MP: 5/5
   163 | D:1      | Learned a level 2 spell: Ensorcelled Hibernation
   752 | D:1      | Gained mutation: You are afflicted with vampirism and can
                  | become a bat while bloodless. [Vampire growth]
   752 | D:1      | Reached XP level 3. HP: 19/19 MP: 6/6
   756 | D:1      | Learned a level 3 spell: Confusing Touch
   939 | D:1      | Reached skill level 5 in Stealth
  1653 | D:2      | Reached skill level 1 in Ice Magic
  1732 | D:2      | Found the +1 Delatra's gloves {ID++}
  1937 | D:2      | Reached skill level 5 in Hexes
  2170 | D:3      | Noticed Ijyb
  2178 | D:3      | Killed from afar by Ijyb

Illustrated notes

Levels and vault maps discovered:
D:1:      lordsloth_arrival_two_stooges, layout_basic, minmay_distorted
D:2:      layout_loops_ring
D:3:      layout_rooms, uniq_ijyb

Skill      XL: |  1  2  3 |
---------------+----------+-----
Stealth        | 5 |  5.1
Short Blades   | 2 |  2.1
Ice Magic      | 1 |  1.1
Hexes          | 5 |  5.0
Dodging        | |  2.1
Spellcasting   | |  2.4

Action                   || total
-------------------------++-------
Melee: Dagger            ||    93
       Bite              ||     7
 Cast: Ensorcelled Hiber ||    21
 Abil: Exsanguinate      ||     1
  Use: Scroll            ||     7
 Stab: Sleeping          ||    37
Armor: Robe              ||    14
Dodge: Dodged            ||    39

Table legend: (Time is in decaauts)
 A = Elapsed time spent in this place.
 B = Non-inter-level travel time spent in this place.
 C = Inter-level travel time spent in this place.
 D = Time resting spent in this place.
 E = Time spent auto-exploring this place.
 F = Levels seen in this place.
 G = Mean time per level.
                   A        B        C        D        E       F      G
               +--------+--------+--------+--------+--------+-----+--------+
         Total |   2170 |   2069 |    101 |    135 |   1435 |   3 |  723.3 |
       Dungeon |   2170 |   2069 |    101 |    135 |   1435 |   3 |  723.3 |
               +--------+--------+--------+--------+--------+-----+--------+

Top non-repeatable levels by time:
     D:1: 1205 daAuts
     D:2: 830 daAuts
     D:3: 134 daAuts
